 Dungeon Crawl Stone Soup version 0.31-a0-1074-g0b22e4e0f1 (webtiles) character file.

Game seed: 11156251310039816554

6402 gelatine the Basher (level 10, 0/76 HPs)
             Began as a Demonspawn Fighter on Nov 28, 2023.
             Killed by divine providence
             ... invoked by Jeremiah
              (7 damage)
             ... on level 8 of the Dungeon.
             The game lasted 00:26:19 (7164 turns).

gelatine the Basher (Demonspawn Fighter)            Turns: 7164, Time: 00:26:22

Health: 0/76       AC: 19    Str: 23    XL:     10   Next: 66%
Magic:  9/9        EV: 24    Int:  9    God:
Gold:   499        SH:  5    Dex: 13    Spells: 6/10 levels left

rFire   . . .        p - +4 mace of the Old World {protect, Str+2}
rCold   + . .        c - +0 buckler
rNeg    . . .        C - +0 ring mail {rC+}
rPois   .            D - +0 hat
rElec   .            v - +1 cloak
rCorr   .            k - +0 pair of gloves
SInv    .            (no boots)
Will    .....        m - amulet of the acrobat
Stlth   +            f - +5 ring of evasion
HPRegen 0.32/turn    n - +5 ring of evasion
MPRegen 0.22/turn

%: acrobat
@: about to teleport, under a protective aura
A: antennae 1, icy blue scales 2, foul stench 1, magic regeneration, low MP 1,
subdued magic 1
a: no special abilities


You were on level 8 of the Dungeon.
You visited 1 branch of the dungeon, and saw 8 of its levels.

You collected 532 gold pieces.
You spent 33 gold pieces at shops.

Inventory:

Hand Weapons
 a - a +0 war axe
 p - the +4 mace of the Old World (weapon) {protect, Str+2}
   (You found it on level 2 of the Dungeon)

   Str+2:     It affects your strength (+2).
 w - a +4 quarterstaff of chaos
Missiles
 l - 12 boomerangs (quivered)
Armour
 c - a +0 buckler (worn)
 k - a +0 pair of gloves (worn)
 v - a +1 cloak (worn)
 C - a +0 ring mail of cold resistance (worn)
 D - a +0 hat (worn)
Jewellery
 f - a +5 ring of evasion (left hand)
 m - an amulet of the acrobat (around neck)
 n - a +5 ring of evasion (right hand)
 s - a ring of flight
 u - a ring of ice
Wands
 I - a wand of roots (7)
Scrolls
 r - 2 scrolls of teleportation
 y - a scroll of fear
 z - a scroll of blinking
 A - a scroll of poison
 F - a scroll of brand weapon {unknown}
 G - a scroll of fog {unknown}
 H - a scroll of enchant armour {unknown}
Potions
 d - 2 potions of might
 e - 2 potions of brilliance
 h - 3 potions of enlightenment
 i - a potion of berserk rage
 j - 3 potions of curing
 q - a potion of mutation
 t - a potion of lignification
 x - 2 potions of attraction
 B - a potion of cancellation


   Skills:
 + Level 5.9 Fighting
 + Level 3.3(6.6) Axes
 + Level 9.0(9.2) Maces & Flails
 + Level 0.2 Ranged Weapons
 + Level 5.3 Armour
 * Level 7.8 Dodging
 + Level 1.3 Stealth
 + Level 5.1 Shields
 * Level 0.5 Spellcasting
 * Level 1.3 Poison Magic
 * Level 1.1 Evocations


You had 6 spell levels left.
You knew the following spells:

 Your Spells              Type           Power      Damage    Failure   Level
a - Olgreb's Toxic Radia  Pois           2%         N/A       98%         4

Your spell library contained the following spells:

 Spells                   Type           Power      Damage    Failure   Level
 Kiss of Death            Conj/Necr      0%         2d5       52%         1
 Sublimation of Blood     Necr           0%         N/A       67%         2
 Confusing Touch          Hex            0%         N/A       89%         3
 Ozocubu's Armour         Ice            0%         N/A       89%         3
 Dimensional Bullseye     Hex/Tloc       0%         N/A       100%        4
 Dispel Undead            Necr           0%         3d6       100%        4
 Petrify                  Tmut/Erth      0%         N/A       100%        4
 Irradiate                Conj/Tmut      0%         3d11      100%        5
 Dispersal                Tloc           0%         N/A       100%        6
 Ozocubu's Refrigeration  Ice            0%         4d7       100%        7


Dungeon Overview and Level Annotations

Branches:
Dungeon (8/15)             Temple (0/1) D:7
   Lair: D:8-11

Altars:
Fedhas
Qazlal
Sif Muna
Trog
Wu Jian

Shops:
D:3 !   D:7 (

Annotations:
D:8 Jeremiah


Innate Abilities, Weirdness & Mutations

You have a pair of small antennae on your head.
You are mostly covered in icy blue scales. (AC +3)
You may rarely emit foul miasma when damaged in melee.
You regenerate magic rapidly.
Your magical capacity is low. (-10% MP)
Your spells are a little easier to cast, but a little less powerful.


Message History

You barely miss Jeremiah.
Jeremiah is moderately wounded.
Jeremiah misses you.
You hit Jeremiah.
Jeremiah is heavily wounded.
You block Jeremiah's attack.
You barely miss Jeremiah.
Jeremiah is heavily wounded.
Jeremiah hits you with a +2 vampiric trident.
* * * LOW HITPOINT WARNING * * *
Jeremiah draws strength from your wounds!
You closely miss Jeremiah.
Jeremiah is heavily wounded.
The butterfly disappears in a burst of colours!
Jeremiah lets out a twisted cry.
Something smites you!
* * * LOW HITPOINT WARNING * * *
You hit Jeremiah but do no damage.
Jeremiah is heavily wounded.
The butterfly disappears in a burst of colours!
Jeremiah closely misses you.
You closely miss Jeremiah.
Jeremiah is moderately wounded.
The butterfly disappears in a burst of colours!
You block Jeremiah's attack.
You hit Jeremiah.
Jeremiah is heavily wounded.
The butterfly disappears in a burst of colours!
Jeremiah completely misses you.
You hit Jeremiah.
Jeremiah is heavily wounded.
Jeremiah hops!
Jeremiah is nearby!
As you read the scroll of teleportation, it crumbles to dust.
You feel strangely unstable.
The butterfly disappears in a burst of colours! x2
Jeremiah lets out a twisted cry.
Something smites you!
You die...
Jeremiah asks, "Is it over?
Can I wake up now?"

..####### #.o.....#
.........# .o..#####
.........# #....+
...b.b...# #....#
..b..b...# #....# ####
...b..b..#######....#
...#
#.....b#....#######
...# #b.bFb.b.....#
...#....#....b.#@....#
...#....#b.....#######
...#....#####........
...#....#...'.b..bF..
...#....'...#...)....
...#....##..#.b.b..b.
...#....##..##+##....
...#............#....
...###..##......# ...


You could see Jeremiah.

Vanquished Creatures
  A two-headed ogre (D:7)
  An ugly thing (D:7)
  A cyclops (D:7)
  Joseph (D:7)
  An unseen horror (D:7)
  A hornet (D:8)
  Sigmund (D:5)
  A yak (D:7)
  A wyvern (D:7)
  Grum (D:8)
  3 water moccasins
  3 orc warriors (D:7)
  3 ice beasts
  2 sky beasts
  2 black bears
  An ogre (D:7)
  3 wolves (D:8)
  2 centaurs
  A phantom (D:7)
  2 kobold brigands
  Blork the orc (D:5)
  2 bullfrogs (D:7)
  2 scorpions
  6 wights
  A killer bee (D:7)
  3 howler monkeys
  A crimson imp (D:7)
  2 hounds (D:6)
  3 gnoll boudas (D:7)
  An orc priest (D:6)
  Crazy Yiuf (D:3)
  4 jellies
  A sleepcap (D:8)
  7 iguanas
  5 orc wizards
  10 gnolls
  5 adders
  2 shadow imps (D:7)
  A white imp (D:7)
  An ufetubus (D:5)
  2 worms
  3 dart slugs
  20 orcs
  13 ball pythons
  3 endoplasms
  5 giant cockroaches
  6 goblins
  5 hobgoblins
  3 jackals (D:5)
  9 kobolds
  5 quokkas
  8 bats
  5 frilled lizards
  A goblin skeleton (D:7)
  2 goblin zombies (D:7)
  4 hobgoblin zombies (D:7)
  An orc skeleton (D:7)
  2 orc zombies (D:7)
  2 rats (D:1)
190 creatures vanquished.

Vanquished Creatures (others)
  An orc wizard (D:6)
1 creature vanquished.

Grand Total: 191 creatures vanquished

Notes
Turn   | Place    | Note
-------+----------+-------------------------------------------
     0 | D:1      | gelatine the Demonspawn Fighter began the quest for the
                  | Orb.
     0 | D:1      | Reached XP level 1. HP: 18/18 MP: 1/1
   154 | D:1      | Gained mutation: You are partially covered in icy blue
                  | scales. (AC +2) [demonic ancestry]
   154 | D:1      | Reached XP level 2. HP: 23/24 MP: 2/2
   291 | D:1      | Reached skill level 1 in Dodging
   291 | D:1      | Gained mutation: You may rarely emit foul miasma when
                  | damaged in melee. [demonic ancestry]
   291 | D:1      | Reached XP level 3. HP: 29/29 MP: 3/3
   384 | D:1      | Found a faded altar of an unknown god.
   775 | D:2      | Reached XP level 4. HP: 29/35 MP: 4/4
  1172 | D:2      | Identified the +4 mace of the Old World {protect, Str+2}
  1478 | D:3      | Found a blossoming altar of Fedhas.
  1493 | D:3      | Reached XP level 5. HP: 41/41 MP: 5/5
  1790 | D:3      | Found a runed translucent door.
  1791 | D:3      | Noticed Crazy Yiuf
  1801 | D:3      | Killed Crazy Yiuf
  1990 | D:3      | Found Vuwaxoxo's Distillery.
  1999 | D:3      | Bought a potion of curing for 33 gold pieces
  2616 | D:4      | Reached skill level 1 in Maces & Flails
  2618 | D:4      | Found a stormy altar of Qazlal.
  2658 | D:5      | Entered Level 5 of the Dungeon
  2667 | D:5      | Reached XP level 6. HP: 48/48 MP: 6/6
  2694 | D:5      | Noticed Blork the orc
  2731 | D:5      | Killed Blork the orc
  2880 | D:5      | Noticed an ice beast
  2893 | D:5      | Killed an ice beast
  2894 | D:5      | Reached skill level 2 in Maces & Flails
  3004 | D:5      | Gained mutation: You are mostly covered in icy blue scales.
                  | (AC +3) [demonic ancestry]
  3004 | D:5      | Reached XP level 7. HP: 53/53 MP: 7/7
  3146 | D:5      | Noticed Sigmund
  3163 | D:5      | Killed Sigmund
  3164 | D:5      | Reached skill level 3 in Maces & Flails
  3234 | D:5      | Found a large runed translucent door.
  3234 | D:5      | Found a large runed translucent door.
  3419 | D:5      | Found an ornate altar of the Wu Jian Council.
  3424 | D:5      | Found a bloodstained altar of Trog.
  3459 | D:6      | Reached skill level 4 in Maces & Flails
  3506 | D:6      | Gained mutation: You regenerate magic rapidly. [demonic
                  | ancestry]
  3506 | D:6      | Reached XP level 8. HP: 49/60 MP: 8/8
  3930 | D:6      | Reached skill level 5 in Dodging
  4022 | D:6      | Reached skill level 5 in Maces & Flails
  4497 | D:7      | Reached skill level 6 in Maces & Flails
  4553 | D:7      | Reached XP level 9. HP: 66/66 MP: 9/9
  4654 | D:7      | Found a staircase to the Ecumenical Temple.
  4739 | D:7      | Found Wecuw's Antique Weapon Shoppe.
  5006 | D:7      | Found a shimmering blue altar of Sif Muna.
  5278 | D:7      | Noticed a cyan ugly thing
  5289 | D:7      | Gained mutation: Your spells are a little easier to cast,
                  | but a little less powerful. [potion of mutation]
  5289 | D:7      | Gained mutation: Your magical capacity is low. (-10% MP)
                  | [potion of mutation]
  5295 | D:7      | Killed a cyan ugly thing
  5296 | D:7      | Reached skill level 5 in Fighting
  5296 | D:7      | Reached skill level 7 in Maces & Flails
  5650 | D:7      | Noticed a two-headed ogre
  5653 | D:7      | Reached skill level 5 in Armour
  5661 | D:7      | Noticed a cyclops
  5674 | D:7      | Killed a two-headed ogre
  5675 | D:7      | Reached skill level 8 in Maces & Flails
  5675 | D:7      | Reached skill level 1 in Stealth
  5675 | D:7      | Gained mutation: You have a pair of small antennae on your
                  | head. [demonic ancestry]
  5675 | D:7      | Reached XP level 10. HP: 36/74 MP: 9/9
  5682 | D:7      | Killed a cyclops
  5904 | D:7      | Got the Atlas of Effluvium and Angles
  6045 | D:7      | Learned a level 4 spell: Olgreb's Toxic Radiance
  6140 | D:8      | Noticed Jeremiah
  6142 | D:8      | Noticed Joseph
  6268 | D:7      | Killed Joseph
  6648 | D:8      | Noticed Grum
  6662 | D:8      | Reached skill level 1 in Poison Magic
  6690 | D:8      | Killed Grum
  6691 | D:8      | Reached skill level 5 in Shields
  6791 | D:7      | Reached skill level 1 in Evocations
  7001 | D:8      | Reached skill level 9 in Maces & Flails
  7164 | D:8      | Killed from afar by Jeremiah

Illustrated notes

Levels and vault maps discovered:
D:1:      wander_arrival_chamber, layout_basic,
          shapermc_ecumenical_altar_mp_highgroup,
          nicolae_kite_square_tiling_tiny, minmay_pentomino_p2
D:2:      layout_loops_ring
D:3:      layout_basic, mainiacjoe_overflow_tiny_flanked, serial_shops,
          nicolae_shop_industrial_runoff, nicolae_the_louvre,
          uniq_crazy_yiuf_cottage
D:4:      layout_rooms, overflow_temple_1_default
D:5:      layout_basic, jmf_multi_god_temple2, chequers_avenue,
          uniq_blork_the_orc, uniq_sigmund
D:6:      layout_basic
D:7:      nzn_winding_woodlands_stair_cross [nzn_winding_woodlands_5x15_pool,
          nzn_winding_woodlands_center_diamonds,
          nzn_winding_woodlands_5x15_zeroes,
          nzn_winding_woodlands_5x5_perimeter, nzn_winding_woodlands_hourglass,
          nzn_winding_woodlands_5x15_sidewinder,
          nzn_winding_woodlands_center_garden,
          nzn_winding_woodlands_5x15_concentric], layout_loops_ring,
          nicolae_sif_muna_little_library, nicolae_tso_besieged_by_evil,
          minmay_temple_entry_junction, serial_shops,
          nicolae_shop_window_shopping
D:8:      layout_gridville, nicolae_overflow_two_pavilions, serial_shops,
          nicolae_shop_back_alley_shop, uniq_joseph, uniq_grum, uniq_psyche,
          uniq_jeremiah

Skill      XL: |  1  2  3  4  5  6  7  8  9 10 |
---------------+-------------------------------+-----
Armour         | 3 4 5 |  5.3
Axes           | 2 3 |  3.3
Dodging        | 1 2 4 5 7 |  7.8
Shields        | 3 4 5 |  5.1
Maces & Flails | 1 2 4 6 8 9 |  9.0
Fighting       | 4 5 |  5.9
Stealth        | 1 |  1.3
Poison Magic   | 1 |  1.3
Evocations     | 1 |  1.1
Ranged Weapons | |  0.2
Spellcasting   | |  0.5

Action                     |  1- 3 |  4- 6 |  7- 9 | 10-12 || total
---------------------------+-------+-------+-------+-------++-------
  Melee: War axe           |   111 |    30 |       |       ||   141
         Mace              |       |   143 |   404 |   240 ||   787
   Fire: Sling             |     2 |       |       |       ||     2
  Throw: Boomerang         |       |       |       |     1 ||     1
  Evoke: Wand              |       |     2 |       |     6 ||     8
    Use: Scroll            |       |       |     9 |     3 ||    12
         Potion            |       |       |     3 |       ||     3
 Armour: Scale mail        |    85 |    59 |       |       ||   144
         Ring mail         |       |     8 |   124 |   111 ||   243
  Dodge: Dodged            |   110 |   190 |   366 |   247 ||   913
  Block: Buckler           |    34 |    46 |    80 |    52 ||   212

Table legend: (Time is in decaauts)
 A = Elapsed time spent in this place.
 B = Non-inter-level travel time spent in this place.
 C = Inter-level travel time spent in this place.
 D = Time resting spent in this place.
 E = Time spent auto-exploring this place.
 F = Levels seen in this place.
 G = Mean time per level.
                   A        B        C        D        E       F      G
               +--------+--------+--------+--------+--------+-----+--------+
         Total |   7317 |   6990 |    327 |      0 |   4712 |   8 |  914.6 |
       Dungeon |   7317 |   6990 |    327 |      0 |   4712 |   8 |  914.6 |
               +--------+--------+--------+--------+--------+-----+--------+

Top non-repeatable levels by time:
     D:7: 2004 daAuts
     D:6: 1186 daAuts
     D:3: 914 daAuts
     D:5: 814 daAuts
     D:1: 674 daAuts
     D:2: 670 daAuts
     D:8: 565 daAuts
     D:4: 487 daAuts
